 Dungeon Crawl Stone Soup version 0.31-a0-662-g684573625c (webtiles) character file.

Game seed: 10381406649048921883

10 AttackTheMoon the Shield-Bearer (level 2, 0/29 HPs)
             Began as a Troll Fighter on Aug 31, 2023.
             Succumbed to an adder's poison
             ... on level 2 of the Dungeon.
             The game lasted 00:01:43 (727 turns).

AttackTheMoon the Shield-Bearer (Troll Fighter)      Turns: 727, Time: 00:01:44

Health: 0/29       AC:  4    Str: 23    XL:     2   Next: 10%
Magic:  1/1        EV:  8    Int:  4    God:
Gold:   5          SH:  7    Dex:  9    Spells: 1/1 levels left

rFire   . .          .
                       - Unarmed
rCold   . . .        b - +0 kite shield
rNeg    . . .        a - +0 robe
rPois   .            (helmet restricted)
rElec   .            (no cloak)
rCorr   .            (gloves unavailable)
SInv    .            (boots unavailable)
Will    .....        (no amulet)
Stlth   +            (no ring)
HPRegen 1.04/turn    (no ring)
MPRegen 0.07/turn

%: no passive effects
@: mighty, lethally poisoned (0 -> -5)
A: large, unfitting armour, claws 3, regeneration 1, shaggy fur 1, tough skin 1
a: no special abilities


You were on level 2 of the Dungeon.
You visited 1 branch of the dungeon, and saw 2 of its levels.

You collected 5 gold pieces.

Inventory:

Missiles
 e - 11 stones
Armour
 a - a +0 robe (worn)
 b - a +0 kite shield (worn)
Potions
 d - a potion of degeneration


   Skills:
 + Level 2.5 Fighting
 + Level 2.5 Dodging
 + Level 2.8 Shields
 + Level 2.2 Unarmed Combat


You had one spell level left.
You didn't know any spells.
Your spell library contained the following spells:

 Spells                   Type           Power      Damage    Failure   Level
 Shock                    Conj/Air       0%         1d3       78%         1
 Swiftness                Air            0%         N/A       98%         3
 Airstrike                Air            0%         2d(0-16)  100%        4


Dungeon Overview and Level Annotations

Branches:
Dungeon (2/15)

Altars:


Innate Abilities, Weirdness & Mutations

You are too large for most types of armour.
You have claws for hands.
Your natural rate of healing is unusually fast.
You are covered in fur. (AC +1)
You have tough skin. (AC +1)


Message History

The adder bites you but does no damage. The adder bites you.
You are more poisoned.
The adder poisons you! The ball python barely misses you.
The adder bites you but does no damage.
You are too injured to fight recklessly!
You are too injured to fight recklessly!
You are too injured to fight recklessly!
You are too injured to fight recklessly!
You are too injured to fight recklessly!
You are too injured to fight recklessly!
You are too injured to fight recklessly!
You are too injured to fight recklessly!
You are too injured to fight recklessly!
You are too injured to fight recklessly!
You are too injured to fight recklessly!
You feel very sick.
You aren't carrying any scrolls.
You feel very mighty all of a sudden.
You feel very sick. The adder bites you.
* * * LOW HITPOINT WARNING * * *
You are more poisoned.
The adder poisons you! You block the adder's attack.
You completely miss the adder.
You feel very sick. You block the ball python's attack.
The adder barely misses you. The adder bites you.
* * * LOW HITPOINT WARNING * * *
You are lethally poisoned!
The adder poisons you! You block the ball python's attack.
You scratch the adder.
The adder is heavily wounded.
* * * LOW HITPOINT WARNING * * *
You feel very sick. You block the adder's attack.
The adder bites you but does no damage. You block the ball python's attack.
The adder bites you but does no damage. x2
Unknown command.
You scratch the adder.
You kill the adder!
You die...

# .##
######..##
#........##
#.<†S.8...+
#..@S....##
######..##
.## #


You could see an adder and a ball python.

Vanquished Creatures
  An adder (D:2)
  2 endoplasms (D:1)
  2 hobgoblins (D:1)
  A kobold (D:1)
  2 ball pythons (D:1)
  A bat (D:1)
  A rat (D:1)
10 creatures vanquished.

Notes
Turn   | Place    | Note
-------+----------+-------------------------------------------
     0 | D:1      | AttackTheMoon the Troll Fighter began the quest for the
                  | Orb.
     0 | D:1      | Reached XP level 1. HP: 22/22 MP: 0/0
   468 | D:1      | Reached XP level 2. HP: 29/29 MP: 1/1
   727 | D:2      | Succumbed to an adder's poison

Illustrated notes

Levels and vault maps discovered:
D:1:      ncdulo_halloftheorcs, layout_basic, nicolae_kite_square_tiling_tiny
D:2:      layout_rooms, serial_shops, shop, grunt_ministairs_14,
          roderic_serpentine_path, uniq_terence

Action                     || total
---------------------------++-------
  Melee: Unarmed           ||    27
    Use: Potion            ||     4
         Scroll            ||     3
 Armour: Robe              ||    30
  Dodge: Dodged            ||    12
  Block: Kite shield       ||    17

Table legend: (Time is in decaauts)
 A = Elapsed time spent in this place.
 B = Non-inter-level travel time spent in this place.
 C = Inter-level travel time spent in this place.
 D = Time resting spent in this place.
 E = Time spent auto-exploring this place.
 F = Levels seen in this place.
 G = Mean time per level.
                   A        B        C        D        E       F      G
               +--------+--------+--------+--------+--------+-----+--------+
         Total |    709 |    675 |     34 |    100 |    422 |   2 |  354.5 |
       Dungeon |    709 |    675 |     34 |    100 |    422 |   2 |  354.5 |
               +--------+--------+--------+--------+--------+-----+--------+

Top non-repeatable levels by time:
     D:1: 695 daAuts
     D:2: 13 daAuts
